 Dungeon Crawl Stone Soup version 0.28-a0-998-gb9e9c7b67e (webtiles) character file.

Game seed: 4165497320535688735

54 bjvrkvb the Vexing (level 3, 0/16 HPs)
             Began as a Spriggan Enchanter on Dec 6, 2021.
             Slain by a worm (10 damage)
             ... on level 2 of the Dungeon.
             The game lasted 00:02:41 (1813 turns).

bjvrkvb the Vexing (Spriggan Enchanter)             Turns: 1813, Time: 00:02:41

Health: 0/16       AC:  2    Str:  6    XL:     3   Next: 66%
Magic:  1/9        EV: 17    Int: 16    God:
Gold:   50         SH:  0    Dex: 15    Spells: 2/10 levels left

rFire   . . .      SeeInvis +   a - +1 dagger
rCold   . . .      Faith    .   (shield restricted)
rNeg    . . .      Spirit   .   b - +0 robe
rPois   .          Reflect  .   (helmet restricted)
rElec   .          Harm     .   (no cloak)
rCorr   .          Rampage  .   (gloves unavailable)
Will    .....                   (boots unavailable)
Stlth   +++.......              (no amulet)
HPRegen 0.05/turn               (no ring)
MPRegen 0.11/turn               (no ring)

@: very quick
A: very small, no large weapons, unfitting armour, see invisible, speed 3
a: no special abilities


You were on level 2 of the Dungeon.
You visited 1 branch of the dungeon, and saw 2 of its levels.

You collected 50 gold pieces.

Inventory:

Hand Weapons
 a - a +1 dagger (weapon)
 f - a +0 rapier
Armour
 b - a +0 robe (worn)
Scrolls
 d - a scroll of enchant weapon {unknown}
 e - a scroll of magic mapping {unknown}
 g - a scroll of vulnerability {unknown}
 h - a scroll of identify {unknown}
Potions
 c - a potion of invisibility


   Skills:
 - Level 1.1 Short Blades
 - Level 2.6 Dodging
 - Level 4.4 Stealth
 + Level 4.0 Spellcasting
 + Level 4.7 Hexes


You had 2 spell levels left.
You knew the following spells:

 Your Spells              Type           Power      Damage    Failure   Level
a - Ensorcelled Hibernat  Hex/Ice        20%        N/A       10%         2
b - Tukima's Dance        Hex            18%        N/A       7%          3
c - Dazzling Flash        Conj/Hex       20%        N/A       19%         3

Your spell library contained the following spells:

 Spells                   Type           Power      Damage    Failure   Level
 Static Discharge         Conj/Air       3%         N/A       26%         2
 Confusing Touch          Hex            18%        N/A       7%          3
 Dispel Undead            Necr           3%         3d7       86%         4
 Passage of Golubria      Tloc           3%         N/A       86%         4
 Sticky Flame             Conj/Fire      3%         2d3       86%         4
 Yara's Violent Unravell  Hex/Tmut       5%         3d4       87%         5


Dungeon Overview and Level Annotations

Branches:
Dungeon (2/15)

Altars:


Innate Abilities, Weirdness & Mutations

You are very small and have problems with some larger weapons.
You are too small for most types of armour.
You have supernaturally acute eyesight. (SInv)
You cover ground extremely quickly. (Speed+++)


Message History

No target in view!
A worm comes into view.
You completely miss the worm. You hit the worm.
The worm is lightly wounded.
Casting: Ensorcelled Hibernation (safe; 10% risk of failure)
Confirm with . or Enter, or press ? or * to list all spells.
Aiming: Ensorcelled Hibernation (safe; 10% risk of failure)
Press: ? - help, Shift-Dir - straight line, f - worm
Aim: a worm (lightly wounded, chance to affect: 50%)
The worm resists with some effort.
The worm bites you.
Casting: Ensorcelled Hibernation (safe; 10% risk of failure)
Confirm with . or Enter, or press ? or * to list all spells.
Aiming: Ensorcelled Hibernation (safe; 10% risk of failure)
Press: ? - help, Shift-Dir - straight line, f/p - worm
Aim: a worm (chance to affect: 50%)
The worm resists with some effort.
Casting: Ensorcelled Hibernation (safe; 10% risk of failure)
Confirm with . or Enter, or press ? or * to list all spells.
Aiming: Ensorcelled Hibernation (safe; 10% risk of failure)
Press: ? - help, Shift-Dir - straight line, f/p - worm
Aim: a worm (chance to affect: 50%)
The worm resists with some effort.
Casting: Ensorcelled Hibernation (safe; 10% risk of failure)
Confirm with . or Enter, or press ? or * to list all spells.
Aiming: Ensorcelled Hibernation (safe; 10% risk of failure)
Press: ? - help, Shift-Dir - straight line, f/p - worm
Aim: a worm (chance to affect: 50%)
The worm resists with some effort.
The worm closely misses you.
Casting: Ensorcelled Hibernation (safe; 10% risk of failure)
Confirm with . or Enter, or press ? or * to list all spells.
You don't have enough magic to cast this spell.
Unknown command.
You hit the worm.
The worm is lightly wounded.
You hit the worm.
The worm is moderately wounded.
The worm bites you!
Ouch! That really hurt!
You die...

.# .........# ..##
..#....... #...
.[........ ##..##
..#........ #####....
............ #.......#
#.....#.##...
#.....#.###..##..#......
#......w....###..#......
#......@...............#
#######.................
#######.#........###..##
#....>.......... #..#
###.##.#....### ....#
#......#### ......#
##..#....##########....
#..#.......#.....##.#..
##.................#.#.#


You could see a worm.

Vanquished Creatures
  An adder (D:2)
  A worm (D:2)
  A dart slug (D:2)
  5 bats
  4 endoplasms
  3 goblins
  2 hobgoblins
  2 jackals (D:1)
  A quokka (D:1)
  7 ball pythons
  8 frilled lizards (D:1)
  3 kobolds (D:1)
  A rat (D:2)
39 creatures vanquished.

Vanquished Creatures (others)
  A fungus (D:1)
1 creature vanquished.

Grand Total: 40 creatures vanquished

Notes
Turn   | Place    | Note
-------+----------+-------------------------------------------
     0 | D:1      | bjvrkvb the Spriggan Enchanter began the quest for the Orb.
     0 | D:1      | Reached XP level 1. HP: 9/9 MP: 5/5
    59 | D:1      | Found a faded altar of an unknown god.
   690 | D:1      | Reached XP level 2. HP: 12/13 MP: 7/7
   693 | D:1      | Learned a level 2 spell: Ensorcelled Hibernation
  1152 | D:2      | Reached XP level 3. HP: 10/16 MP: 3/9
  1156 | D:2      | Learned a level 3 spell: Tukima's Dance
  1160 | D:2      | Learned a level 3 spell: Dazzling Flash
  1813 | D:2      | Slain by a worm

Illustrated notes

Levels and vault maps discovered:
D:1:      scummos_arrival_checkerplants, layout_loops_ring,
          basic_ecumenical_altar, minmay_lizard_pond
D:2:      layout_rooms

Skill      XL: |  1  2  3 |
---------------+----------+-----
Spellcasting   | 3 4 |  4.0
Hexes          | 4 |  4.7
Short Blades   | |  1.1
Dodging        | |  2.6
Stealth        | |  4.4

Action                   || total
-------------------------++-------
Melee: Dagger            ||   109
 Cast: Ensorcelled Hiber ||    12
  Use: Potion            ||     1
 Stab: Sleeping          ||    11
       Distracted        ||     1
Armor: Robe              ||     6
Dodge: Dodged            ||    79

Table legend: (Time is in decaauts)
 A = Elapsed time spent in this place.
 B = Non-inter-level travel time spent in this place.
 C = Inter-level travel time spent in this place.
 D = Time resting spent in this place.
 E = Time spent auto-exploring this place.
 F = Levels seen in this place.
 G = Mean time per level.
                   A        B        C        D        E       F      G
               +--------+--------+--------+--------+--------+-----+--------+
         Total |   1515 |   1498 |     17 |    381 |    803 |   2 |  757.5 |
       Dungeon |   1515 |   1498 |     17 |    381 |    803 |   2 |  757.5 |
               +--------+--------+--------+--------+--------+-----+--------+

Top non-repeatable levels by time:
     D:1: 1037 daAuts
     D:2: 478 daAuts
